 Dungeon Crawl Stone Soup version 0.27-a0-637-g3a9f0a9c12 (webtiles) character file.

Game seed: 5229753688268587532

140 spiderkeys the Shield-Bearer (level 5, -4/49 HPs)
             Began as a Deep Dwarf Fighter on Mar 14, 2021.
             Killed by divine providence
             ... invoked by an orc priest
              (7 damage)
             ... on level 4 of the Dungeon.
             The game lasted 00:04:27 (2197 turns).

spiderkeys the Shield-Bearer (Deep Dwarf Fighter)   Turns: 2197, Time: 00:04:27

Health: -4/49      AC:  8    Str: 20    XL:     5   Next: 2%
Magic:  5/5        EV:  8    Int:  9    God:
Gold:   146        SH:  9    Dex: 12    Spells: 4/4 levels left

rFire    . . .     SeeInvis .   a - +0 war axe
rCold    . . .     Faith    .   c - +0 kite shield
rNeg     . . .     Spirit   .   b - +0 scale mail
rPois    .         Reflect  .   (no helmet)
rElec    .         Harm     .   (no cloak)
rCorr    .         Rampage  .   m - +0 pair of gloves
Will     .....                  (no boots)
Stlth    ..........             (no amulet)
HPRegen  0.00/turn              (no ring)
MPRegen  0.09/turn              (no ring)

@: non-regenerating
A: damage resistance, heal wounds, sense surroundings 1, no regeneration
a: Heal Wounds


You were on level 4 of the Dungeon.
You visited 1 branch of the dungeon, and saw 4 of its levels.

You collected 146 gold pieces.

Inventory:

Hand Weapons
 a - a +0 war axe (weapon)
 f - a +3 hunting sling
Missiles
 h - 10 sling bullets
 i - 93 stones (quivered)
 k - 20 poisoned darts
Armour
 b - a +0 scale mail (worn)
 c - a +0 kite shield (worn)
 m - a +0 pair of gloves (worn)
Scrolls
 e - a scroll of enchant weapon {unknown}
 j - 2 scrolls of identify
Potions
 d - a potion of might
 g - a potion of resistance
 l - a potion of mutation {unknown}


   Skills:
 + Level 3.2 Fighting
 * Level 3.7 Axes
 + Level 3.9 Armour
 + Level 1.8 Dodging
 + Level 4.0 Shields


You had 4 spell levels left.
You didn't know any spells.
Your spell library was empty.

Dungeon Overview and Level Annotations

Branches:
Dungeon (4/15)
 Temple: D:4-7

Altars:


Innate Abilities, Weirdness & Mutations

You are resistant to damage.
You can heal yourself by infusing magical energy.
You passively map a small area around you.
You do not regenerate.


Message History

There is a stone staircase leading up here.
You now have 146 gold pieces (gained 10).
You open the door.
There is an open door here.
An orc wizard comes into view. It is wielding a +0 dagger.
An orc priest comes into view. It is wielding a +0 club.
The orc wizard hits you but does no damage.
You closely miss the orc wizard.
The orc wizard hits you with a +0 dagger.
You hit the orc wizard but do no damage.
The orc wizard hits you but does no damage.
You block the orc wizard's attack.
You closely miss the orc wizard.
The orc wizard points at itself and mumbles some strange words.
The orc wizard flickers and vanishes!
Deactivating autopickup; reactivate with Ctrl-A.
You closely miss something.
Something hits you but does no damage. x2
You hit something but do no damage. Something hits you but does no damage.
You completely miss something.
You hear some strange, mumbled words.
A magic dart appears from out of thin air!
The magic dart hits you.
You hear some strange, mumbled words.
Something tries to affect you, but you resist.
You hit something. Something hits you but does no damage.
The orc priest invokes the aid of Beogh against you.
Beogh smites you!
* * * LOW HITPOINT WARNING * * *
You slash something!
Something hits you but does no damage. x2
An orc comes into view. It is wielding a +0 mace.
You closely miss something.
The orc priest looks braver for a moment.
Something hits you but does no damage.
You miss something. Something hits you but does no damage.
The orc priest begins to cast a cantrip, but forgets the words!
Something hits you but does no damage.
You closely miss something.
The orc priest invokes the aid of Beogh against you.
Beogh smites you!
You die...

* ######
#....#
#....# #
####....#.#
#..'......#
#.##....####
#@#........#
#{#.######.#
#o#.#....#
#.#.#.##.#
#o#.#.##.#
#.#.#.<#.#,
#.#.####.#
#.#......# *
########


You could see an orc priest and an orc.

Vanquished Creatures
  3 gnolls (D:3)
  3 adders
  An ufetubus (D:3)
  An ooze (D:1)
  6 worms
  2 leopard geckos
  A giant cockroach (D:2)
  9 hobgoblins
  3 jackals (D:1)
  5 kobolds
  2 quokkas (D:2)
  11 bats
  3 frilled lizards (D:2)
  4 goblins
  3 rats
57 creatures vanquished.

Notes
Turn   | Place    | Note
-------+----------+-------------------------------------------
     0 | D:1      | spiderkeys the Deep Dwarf Fighter began the quest for the
                  | Orb.
     0 | D:1      | Reached XP level 1. HP: 20/20 MP: 1/1
   196 | D:1      | Reached XP level 2. HP: 27/27 MP: 2/2
   796 | D:2      | Reached XP level 3. HP: 30/33 MP: 3/3
   809 | D:2      | Reached skill level 1 in Dodging
  1430 | D:2      | Reached XP level 4. HP: 19/42 MP: 4/4
  2002 | D:3      | Reached skill level 4 in Shields
  2155 | D:3      | Reached XP level 5. HP: 16/49 MP: 5/5
  2197 | D:4      | Killed from afar by an orc priest

Illustrated notes

Levels and vault maps discovered:
D:1:      dpeg_arrival_simpleton_c, layout_loops_ring
D:2:      layout_loops_corners, serial_glass, glass_columns_c, glass_columns_b,
          glass_columns_b, glass_columns_b, glass_columns_b, glass_columns_b,
          glass_columns_a, glass_columns_a, glass_columns_c, glass_columns_a,
          glass_columns_a, glass_columns_a, glass_columns_b, glass_columns_b
D:3:      cheibrodos_old_hovel, layout_basic
D:4:      layout_basic, tso_metal_star

Skill      XL: |  1  2  3  4 |
---------------+-------------+-----
Dodging        | 1 |  1.8
Axes           | 3 |  3.7
Fighting       | 3 |  3.2
Shields        | 4 |  4.0
Armour         | |  3.9

Action                   |  1- 3 |  4- 6 || total
-------------------------+-------+-------++-------
Melee: War axe           |   100 |    75 ||   175
Throw: Stone             |    48 |       ||    48
  Use: Potion            |       |     4 ||     4
       Scroll            |       |     1 ||     1
Armor: Scale mail        |    51 |    39 ||    90
Dodge: Dodged            |    45 |    23 ||    68
Block: Kite shield       |    54 |    36 ||    90

Table legend: (Time is in decaauts)
 A = Elapsed time spent in this place.
 B = Non-inter-level travel time spent in this place.
 C = Inter-level travel time spent in this place.
 D = Time resting spent in this place.
 E = Time spent auto-exploring this place.
 F = Levels seen in this place.
 G = Mean time per level.
                   A        B        C        D        E       F      G
               +--------+--------+--------+--------+--------+-----+--------+
         Total |   2312 |   2175 |    137 |      0 |   1582 |   4 |  578.0 |
       Dungeon |   2312 |   2175 |    137 |      0 |   1582 |   4 |  578.0 |
               +--------+--------+--------+--------+--------+-----+--------+

Top non-repeatable levels by time:
     D:2: 1041 daAuts
     D:1: 796 daAuts
     D:3: 430 daAuts
     D:4: 44 daAuts
